 Dungeon Crawl Stone Soup version 0.28-a0-1624-g820543e53a (webtiles) character file.

Game seed: 16081784259246860057

83 croobank the Insei (level 4, -1/36 HPs)
             Began as a Draconian Transmuter on Jan 23, 2022.
             Killed by divine providence
             ... invoked by an orc priest
              (14 damage)
             ... on level 3 of the Dungeon.
             The game lasted 00:07:02 (1407 turns).

croobank the Insei (Draconian Transmuter)           Turns: 1407, Time: 00:07:02

Health: -1/36      AC:  5    Str: 13    XL:     4   Next: 22%
Magic:  4/7        EV: 12    Int: 13    God:
Gold:   89         SH:  0    Dex: 13    Spells: 2/7 levels left

rFire   . . .      SeeInvis .     - Unarmed
rCold   . . .      Faith    .   (no shield)
rNeg    . . .      Spirit   .   (armour unavailable)
rPois   .          Reflect  .   (helmet currently unavailable)
rElec   .          Harm     .   (no cloak)
rCorr   .          Rampage  .   (no gloves)
Will    .....                   (boots currently unavailable)
Stlth   +.........              (no amulet)
HPRegen 0.12/turn               (no ring)
MPRegen 0.10/turn               (no ring)

@: lethally poisoned (-1 -> -4), appendages, wereblooded
A: horns 2, talons 2, AC +5, unfitting armour, cold-blooded
a: End Transformation


You were on level 3 of the Dungeon.
You had temporarily grown beastly horns and talons.
You visited 1 branch of the dungeon, and saw 3 of its levels.

You collected 89 gold pieces.

Inventory:

Hand Weapons
 d - a +0 short sword
Missiles
 c - 31 bolts
 i - 12 arrows
 j - 5 stones
Scrolls
 a - 2 scrolls of identify {unknown}
 e - a scroll of amnesia {unknown}
 h - a scroll of holy word {unknown}
 k - a scroll of enchant weapon {unknown}
 l - a scroll of magic mapping {unknown}
Potions
 b - 2 potions of might {unknown}
 f - a potion of berserk rage {unknown}
 g - a potion of attraction {unknown}


   Skills:
 + Level 2.1 Fighting
 + Level 1.0 Short Blades
 + Level 2.3 Dodging
 - Level 3.1 Unarmed Combat
 + Level 2.4 Spellcasting
 + Level 0.3 Hexes
 + Level 2.7 Transmutations
 + Level 0.5 Ice Magic


You had 2 spell levels left.
You knew the following spells:

 Your Spells              Type           Power      Damage    Failure   Level
a - Beastly Appendage     Tmut           16%        N/A       9%          1
b - Wereblood             Tmut           8%         N/A       12%         2
c - Ensorcelled Hibernat  Hex/Ice        4%         N/A       30%         2

Your spell library contained the following spells:

 Spells                   Type           Power      Damage    Failure   Level
 Passwall                 Tmut/Erth      4%         N/A       22%         2
 Animate Skeleton         Necr           2%         N/A       24%         1
 Spider Form              Tmut/Pois      5%         N/A       38%         3
 Swiftness                Air            1%         N/A       58%         3
 Ice Form                 Ice/Tmut       5%         N/A       77%         4


Dungeon Overview and Level Annotations

Branches:
Dungeon (3/15)

Altars:

Annotations:
D:2 Sigmund


Innate Abilities, Weirdness & Mutations

You have temporarily grown beastly horns and talons.
Your plain brown scales are hard. (AC +5)
You cannot fit into any form of body armour.
You are cold-blooded and may be slowed by cold attacks.


Message History

Something tries to affect you, but you resist.
You hit something. Your headbutt misses something.
Your tail-slap misses something.
The orc hits you with a +0 whip. Something hits you but does no damage.
You hit something but do no damage. Your kick misses something.
The orc barely misses you.
The orc priest miscasts a cantrip.
Something hits you.
You closely miss something. Your kick misses something. You headbutt something.
The orc hits you with a +0 whip.
The kobold throws a poisoned dart.
The poisoned dart misses you. Something hits you.
You barely miss something. Your kick misses something.
The orc barely misses you.
You miss something. Your kick misses something.
Something hits you but does no damage. The orc barely misses you.
The kobold throws a poisoned dart.
The poisoned dart hits you!
You are poisoned.
You miss something.
You feel very sick. Something hits you but does no damage. The orc misses you.
You barely miss something. Your kick misses something.
Your headbutt misses something.
Your tail-slap misses something.
You feel sick. Something hits you. The orc barely misses you.
You miss something. You claw something.
Your horns disappear.
Your talons disappear.
You feel sick. Something hits you but does no damage.
The orc sings a few bars from the Orcish anthem.
The orc hits you but does no damage.
Casting: Wereblood (safe; 12% risk of failure)
Confirm with . or Enter, or press ? or * to list all spells.
You grow a pair of large bovine horns.
Your feet morph into talons.
You feel sick.
You hear some strange, mumbled words.
A magic dart appears from out of thin air!
The magic dart hits you. The orc hits you with a +0 whip.
You hit something. Your kick misses something.
You feel sick. Something hits you but does no damage.
The orc closely misses you.
The orc priest mumbles some strange prayers to Beogh against you.
Beogh smites you!
You die...

#. #. .## #+## ..#
##...## #
#.###.....## ##Z#.
#.##.......##
......##K#.........#
......†oK{@........+
#.#...#Z##o........#
#.. #.###.......# #.
#.# ##.....## oK #.#
##...## K# #.. ##'##
##. #.# . #.# ##.##


You could see an orc priest, an orc, 2 kobolds and a bullfrog skeleton.

Vanquished Creatures
  A bullfrog zombie (D:3)
  3 dart slugs (D:1)
  4 ball pythons
  2 endoplasms
  A giant cockroach (D:1)
  6 hobgoblins
  3 jackals (D:1)
  A quokka (D:1)
  4 bats
  5 frilled lizards
  A goblin (D:1)
  9 kobolds
  6 rats
46 creatures vanquished.

Vanquished Creatures (others)
  11 plants (D:2)
11 creatures vanquished.

Grand Total: 57 creatures vanquished

Notes
Turn   | Place    | Note
-------+----------+-------------------------------------------
     0 | D:1      | croobank the Draconian Transmuter began the quest for the
                  | Orb.
     0 | D:1      | Reached XP level 1. HP: 16/16 MP: 3/3
    98 | D:1      | Found a faded altar of an unknown god.
   108 | D:1      | Got Plato's Catalogue of the Tired Ships
   117 | D:1      | Reached XP level 2. HP: 18/23 MP: 3/5
   124 | D:1      | Learned a level 2 spell: Wereblood
   471 | D:1      | Reached XP level 3. HP: 29/29 MP: 4/6
   640 | D:1      | You fall into a shaft and drop 1 floor!
   957 | D:2      | Learned a level 2 spell: Ensorcelled Hibernation
  1061 | D:2      | Noticed Sigmund
  1226 | D:3      | Reached skill level 1 in Short Blades
  1226 | D:3      | Reached XP level 4. HP: 17/36 MP: 5/7
  1407 | D:3      | Killed from afar by an orc priest

Illustrated notes

Levels and vault maps discovered:
D:1:      lemuel_arrival_lava_pool, layout_rooms,
          shapermc_ecumenical_altar_rom_forum, minmay_pentomino_r2
D:2:      layout_rooms, lexackson_kobold_supper, uniq_sigmund,
          uniq_crazy_yiuf_cottage
D:3:      layout_loops_corners, minmay_fractal_squares_5

Skill      XL: |  1  2  3 |
---------------+----------+-----
Dodging        | 2 |  2.3
Fighting       | 2 |  2.1
Short Blades   | 1 |  1.0
Unarmed Combat | |  3.1
Spellcasting   | |  2.4
Hexes          | |  0.3
Transmutations | |  2.7
Ice Magic      | |  0.5

Action                   |  1- 3 |  4- 6 || total
-------------------------+-------+-------++-------
Melee: Unarmed           |   134 |    15 ||   149
       Kick              |    31 |     1 ||    32
       Tailslap          |    16 |       ||    16
       Headbutt          |    21 |     1 ||    22
       Punch             |     3 |       ||     3
 Cast: Beastly Appendage |    25 |     4 ||    29
       Wereblood         |     2 |     1 ||     3
Armor: Skin              |    33 |     8 ||    41
Dodge: Dodged            |    53 |    13 ||    66

Table legend: (Time is in decaauts)
 A = Elapsed time spent in this place.
 B = Non-inter-level travel time spent in this place.
 C = Inter-level travel time spent in this place.
 D = Time resting spent in this place.
 E = Time spent auto-exploring this place.
 F = Levels seen in this place.
 G = Mean time per level.
                   A        B        C        D        E       F      G
               +--------+--------+--------+--------+--------+-----+--------+
         Total |   1399 |   1377 |     22 |    112 |    750 |   3 |  466.3 |
       Dungeon |   1399 |   1377 |     22 |    112 |    750 |   3 |  466.3 |
               +--------+--------+--------+--------+--------+-----+--------+

Top non-repeatable levels by time:
     D:1: 756 daAuts
     D:3: 334 daAuts
     D:2: 308 daAuts
